 Dungeon Crawl Stone Soup version 0.22-a0-880-gb7b0c8b (webtiles) character file.

11398 poirepourri the Grappler (level 11, -5/99 (101) HPs)
             Began as a Ghoul Chaos Knight on July 30, 2018.
             Slain by a meliai (shapeshifter) (15 damage)
             ... on level 2 of the Lair of Beasts.
             The game lasted 00:19:10 (14095 turns).

poirepourri the Grappler (Ghoul Chaos Knight)      Turns: 14095, Time: 00:19:11

HP:   -5/99 (101)   AC: 11    Str: 22    XL:     11   Next: 77%
MP:   10/10         EV: 14    Int:  7    God:    Xom [...*..]
Gold: 192           SH:  0    Dex: 11    Spells: 10/10 levels left

rFire    . . .     SeeInvis .     - Unarmed
rCold    + + .     Gourm    .   (no shield)
rNeg     + + +     Faith    .   r - +2 leather armour {rC+}
rPois    ∞         Spirit   .   (no helmet)
rElec    .         Reflect  .   (no cloak)
rCorr    .         Harm     .   l - +1 pair of gloves
MR       .....                  i - +2 pair of boots
Stlth    +.........             (no amulet)
HPRegen  0.00/turn              (no ring)
MPRegen  0.12/turn              (no ring)

@: confused, mighty, rotting, hasted, very quick
A: rotting body, claws 1, carnivore, cold resistance 1, negative energy
resistance 3, inhibited regeneration, torment resistance, unbreathing
a: Renounce Religion


You were on level 2 of the Lair of Beasts.
You worshipped Xom.
You were a favourite toy of Xom.
You were not hungry.

You visited 3 branches of the dungeon, and saw 13 of its levels.

You collected 621 gold pieces.
You spent 429 gold pieces at shops.

Inventory:

Missiles
 f - 35 bolts
 k - 18 poisoned needles
 o - 7 tomahawks (quivered)
Armour
 i - a +2 pair of boots (worn)
 l - a +1 pair of gloves (worn)
 r - a +2 leather armour of cold resistance (worn)
 u - a +1 shield of protection
Jewellery
 m - an uncursed ring of wizardry {unknown}
 p - a +2 ring of protection
Wands
 e - a wand of random effects (2)
 h - a wand of digging (12)
 s - a wand of flame (11)
Scrolls
 d - 3 scrolls of remove curse
 n - 4 scrolls of amnesia
 q - a scroll of identify
Potions
 v - a potion of magic
 w - a potion of mutation {unknown}
Comestibles
 b - 12 rations


   Skills:
 - Level 10.3 Fighting
 - Level 7.0 Armour
 - Level 6.2 Dodging
 - Level 7.3 Shields
 + Level 11.0 Unarmed Combat


You had 10 spell levels left.
You didn't know any spells.
Your spell library contained the following spells:

 Spells                   Type           Power        Failure   Level  Hunger
 Apportation              Tloc           #.....       45%         1    ##.....
 Conjure Flame            Conj/Fire      #.......     83%         3    ####...
 Freezing Cloud           Conj/Ice/Air   #.........   100%        6    #######
 Mephitic Cloud           Conj/Pois/Air  #.......     83%         3    ####...
 Ring of Flames           Chrm/Fire      #.........   100%        7    #######
 Summon Small Mammal      Summ           #...         45%         1    ##.....
 Animate Skeleton         Necr           N/A          45%         1    ##.....
 Confusing Touch          Hex            #.....       45%         1    ##.....
 Poisonous Vapours        Pois/Air       #.....       61%         2    ###....


Dungeon Overview and Level Annotations

Branches:
Dungeon (10/15)            Temple (1/1) D:7            Lair (2/6) D:8
 Spider (0/4) Lair:2
  Swamp: Lair:2-4    Shoals: Lair:2-4       Orc: D:9-12

Altars:
Ashenzari
Cheibriados
Elyvilon
Fedhas
Gozag
Hepliaklqana
Kikubaaqudgha
Makhleb
Nemelex Xobeh
Okawaru
Qazlal
Ru
Sif Muna
Trog
Uskayaw
Vehumet
Wu Jian
Xom
Zin
The Shining One

Shops:
D:8 *

Annotations:
D:9 1 runed door, kirsanium's ghost, novice OpTm


Innate Abilities, Weirdness & Mutations

Your body is rotting away.
You thrive on raw meat.
You are immune to poison.
You have sharp fingernails.
You are carnivorous and can eat meat at any time.
Your flesh is cold resistant. (rC+)
You are immune to negative energy. (rN+++)
You do not regenerate when monsters are visible.
You are immune to unholy pain and torment.
You can survive without breathing.


Message History

The blink frog is no longer petrified.
Motes of dust swirl around in the air.
Something barely misses you. Something stings you. Something hits you.
Something stings you!
The blink frog is engulfed in seething chaos.
Something hits you.
Something stings you but does no damage.
Unknown command.
Unknown command.
It was a potion of might.
You feel very mighty all of a sudden.
You are engulfed in seething chaos.
You feel yourself speed up.
You smell something strange.
Something hits you! Something stings you.
* * * LOW HITPOINT WARNING * * *
Something hits you but does no damage. Something stings you!
* * * LOW HITPOINT WARNING * * *
Something hits you!
* * * LOW HITPOINT WARNING * * *
Something stings you!
You die...
Xom snickers!

.....#####...# .P..#.#.##..
......P#....# ...........
............# #.F........
............# ##..........
....#####...## #........$..
....#####....# ##F..F.......
....#P.#.#..P###§§§.........
>..............§{§§.........
................@§§§........
##P####.PP#####§.###########
##### ####


You could see 3 blink frogs.

Vanquished Creatures
  Erica (D:8)
  A black mamba (Lair:1)
  2 spiny frogs
  A rime drake (Lair:1)
  2 komodo dragons
  2 hippogriffs
  3 blink frogs
  6 dream sheep (Lair:1)
  Sigmund (D:5)
  8 yaks
  A tarantella (Lair:2)
  A vampire (D:10)
  Edmund (D:5)
  Duvessa (D:5)
  A water moccasin (Lair:2)
  4 porcupines
  2 sky beasts (D:5)
  An ice beast (D:7)
  An orc warrior (D:6)
  2 phantoms
  A necrophage (D:8)
  10 wolves
  A boggart (Lair:1)
  6 ogres
  3 centaurs
  A big kobold (D:8)
  4 crocodiles (Lair:1)
  6 bullfrogs
  Dowan (D:5)
  A wyvern skeleton (D:10)
  A water moccasin skeleton (D:8)
  4 scorpions
  A bullfrog zombie (D:5)
  A crimson imp (D:8)
  A quasit (D:10)
  A centaur zombie (D:7)
  An orc priest (D:4)
  6 hounds
  4 centaur skeletons
  A gnoll shaman (D:7)
  2 iguanas
  11 orc wizards
  4 worker ants
  A hound skeleton (D:5)
  A worker ant zombie (D:6)
  12 adders
  10 gnolls
  An ooze (D:7)
  An adder zombie (D:5)
  3 worms (D:3)
  4 dart slugs
  6 leopard geckos
  20 orcs
  3 ball pythons
  6 bats
  6 giant cockroaches
  7 goblins
  11 hobgoblins
  13 jackals
  4 kobolds
  2 quokkas
  6 frilled lizards
  9 rats
240 creatures vanquished.

Vanquished Creatures (collateral kills)
  3 yaks (D:9)
  An orc (D:6)
4 creatures vanquished.

Vanquished Creatures (others)
  A fungus (Lair:1)
  2 plants (Lair:1)
3 creatures vanquished.

Grand Total: 247 creatures vanquished

Notes
Turn   | Place    | Note
-------+----------+-------------------------------------------
     0 | D:1      | poirepourri the Ghoul Chaos Knight began the quest for the Orb.
     0 | D:1      | Reached XP level 1. HP: 19/19 MP: 0/0
   206 | D:1      | XOM: divination: magic mapping
   210 | D:1      | Reached XP level 2. HP: 21/26 MP: 1/1
   258 | D:1      | Reached skill level 4 in Unarmed Combat
   428 | D:1      | Reached XP level 3. HP: 26/31 MP: 2/2
   541 | D:1      | XOM: divination: detect creatures
   766 | D:1      | XOM: harmless Tmut miscast
   970 | D:1      | XOM is BORED!
   970 | D:1      | XOM: summons 1 hostile demon
  1009 | D:1      | XOM: divination: detect items
  1230 | D:2      | XOM: scenery: create altars
  1240 | D:2      | XOM: noise
  1311 | D:2      | Reached skill level 5 in Unarmed Combat
  1492 | D:2      | Reached XP level 4. HP: 37/37 MP: 3/3
  1829 | D:3      | XOM: silly message
  1870 | D:3      | XOM: cloud trail
  1927 | D:3      | Reached skill level 6 in Unarmed Combat
  1954 | D:3      | Reached XP level 5. HP: 42/45 MP: 4/4
  2031 | D:3      | XOM: harmless Hex miscast
  2496 | D:4      | Reached skill level 7 in Unarmed Combat
  2523 | D:4      | XOM: harmless Tloc miscast
  2530 | D:4      | Reached XP level 6. HP: 39/50 MP: 5/5
  2847 | D:4      | XOM: silly message
  2863 | D:4      | Reached skill level 8 in Unarmed Combat
  2916 | D:4      | XOM: mild Tmut miscast
  2974 | D:4      | XOM: god gift: 43 gold pieces
  3157 | D:4      | Found a stormy altar of Qazlal.
  3243 | D:4      | Noticed a phantom
  3266 | D:4      | Killed a phantom
  3266 | D:4      | Reached XP level 7. HP: 21/55 MP: 6/6
  3289 | D:4      | Reached skill level 9 in Unarmed Combat
  3472 | D:5      | Entered Level 5 of the Dungeon
  3532 | D:5      | XOM: summons 3 hostile demons
  3580 | D:5      | Reached skill level 5 in Fighting
  3627 | D:5      | XOM: divination: detect creatures
  3664 | D:5      | XOM: enchant monster (good)
  3702 | D:5      | Reached XP level 8. HP: 29/70 MP: 7/7
  3733 | D:5      | Noticed Duvessa
  3733 | D:5      | Noticed Dowan
  3733 | D:5      | XOM: summons friendly crimson imp
  3754 | D:5      | Killed Duvessa
  3756 | D:5      | XOM: silly message
  3758 | D:5      | XOM: cast spell 'Olgreb's Toxic Radiance'
  3768 | D:5      | Killed Dowan
  3916 | D:5      | XOM: harmless Ice miscast
  4072 | D:5      | XOM: enchant monster (bad)
  4283 | D:5      | XOM: harmless Tloc miscast
  4380 | D:5      | XOM: enchant monster (good)
  4499 | D:5      | Noticed Edmund
  4501 | D:5      | XOM: summons friendly ufetubus
  4507 | D:5      | Killed Edmund
  4619 | D:5      | Noticed Sigmund
  4621 | D:5      | Killed Sigmund
  4621 | D:5      | Reached XP level 9. HP: 85/85 MP: 8/8
  4636 | D:5      | XOM is BORED!
  4636 | D:5      | XOM: noise
  4770 | D:6      | XOM: potion effect (might)
  4782 | D:5      | Reached skill level 10 in Fighting
  4828 | D:5      | XOM: harmless Fire miscast
  5172 | D:6      | XOM: divination: detect creatures
  5248 | D:6      | XOM: silly message
  5256 | D:6      | XOM: harmless Tloc miscast
  5259 | D:6      | XOM: summons 2 friendly demons
  5519 | D:5      | XOM is BORED!
  5519 | D:5      | XOM: medium Erth miscast
  5541 | D:6      | XOM: god gift: scroll of immolation
  5654 | D:6      | XOM: 1-stop teleportation journey
  5854 | D:6      | XOM: summons 4 hostile demons
  6099 | D:6      | XOM: polymorph orc -> ball python
  6123 | D:6      | XOM: summons 4 hostile demons
  6124 | D:6      | Noticed a red devil
  6474 | D:7      | Found a shimmering altar of Xom.
  6606 | D:7      | Found a staircase to the Ecumenical Temple.
  6629 | Temple   | Entered the Ecumenical Temple
  7073 | D:7      | Reached skill level 5 in Armour
  7316 | D:8      | Found a staircase to the Lair.
  7373 | D:8      | Noticed Erica
  7375 | D:8      | XOM: harmless Chrm miscast
  7376 | D:8      | XOM: enchant monster (good)
  7406 | D:8      | Killed Erica
  7406 | D:8      | Reached XP level 10. HP: 58/93 MP: 9/9
  7438 | D:8      | XOM: mild Fire miscast
  7495 | D:8      | Reached skill level 1 in Dodging
  7783 | D:8      | Found a sparkling altar of Nemelex Xobeh.
  7784 | D:8      | Found a radiant altar of Vehumet.
  7955 | D:8      | Found Zoopimub's Assorted Antiques.
  7969 | D:8      | Bought a runed shield for 225 gold pieces
  7969 | D:8      | Bought an emerald potion for 27 gold pieces
  7969 | D:8      | Bought a scroll of identify for 60 gold pieces
  7969 | D:8      | Bought a murky golden potion for 27 gold pieces
  7969 | D:8      | Bought a potion of curing for 90 gold pieces
  8177 | D:9      | XOM: stealth player
  8184 | D:9      | Found a white marble altar of Elyvilon.
  8184 | D:9      | XOM: 6-stop teleportation journey
  8233 | D:9      | XOM is BORED!
  8233 | D:9      | XOM: mild Pois miscast
  8253 | D:9      | XOM: god gift: 18 gold pieces
  8346 | D:9      | Found a runed door.
  8346 | D:9      | Found a shimmering altar of Xom.
  8346 | D:9      | Noticed kirsanium's ghost (novice OpTm)
  8346 | D:9      | Noticed a flail of chaos
  8369 | D:9      | XOM: divination: detect items
  8419 | D:9      | XOM: stat loss: -1 Str (16/17)
  8569 | D:9      | XOM: cast spell 'Summon Hydra'
  8579 | D:9      | XOM: medium Ice miscast
  8967 | D:9      | XOM: harmless Chrm miscast
  8983 | D:9      | Reached skill level 5 in Dodging
  8989 | D:9      | XOM: divination: detect creatures
  9160 | D:9      | XOM: divination: detect items
  9165 | D:10     | Entered Level 10 of the Dungeon
  9381 | D:10     | XOM: confuse monster(s)
  9398 | D:10     | XOM: cast spell 'Chain of Chaos'
  9493 | Lair:1   | Entered Level 1 of the Lair of Beasts
  9512 | Lair:1   | XOM: polymorph bullfrog -> boggart
  9516 | Lair:1   | XOM: divination: detect creatures
  9518 | Lair:1   | XOM: cast spell 'Summon Small Mammal'
  9607 | Lair:1   | XOM: medium Summ miscast
  9614 | Lair:1   | XOM: noise
  9621 | Lair:1   | XOM: divination: detect items
 10086 | D:8      | XOM: cloud trail
 10414 | D:8      | XOM: god gift: 17 gold pieces
 10466 | Lair:1   | XOM: enchant monster (good)
 10469 | Lair:1   | XOM: divination: magic mapping
 10478 | Lair:1   | XOM: scenery: create altars
 10479 | Lair:1   | Reached XP level 11. HP: 85/98 MP: 10/10
 10482 | Lair:1   | Reached skill level 5 in Shields
 10500 | Lair:1   | XOM: divination: detect creatures
 10505 | Lair:1   | XOM: fog
 10782 | D:8      | XOM: harmless Pois miscast
 10820 | D:8      | XOM: harmless Conj miscast
 10889 | D:8      | XOM: silly message
 11108 | Lair:1   | XOM: fog
 11140 | Lair:1   | XOM: god gift: club {god gift}
 11190 | Lair:1   | XOM: 1-stop teleportation journey
 11225 | Lair:1   | XOM: harmless Ice miscast
 11932 | Lair:1   | XOM: confuse monster(s)
 12333 | Lair:2   | XOM: enchant monster (good)
 12506 | Lair:2   | XOM: polymorph blink frog -> ogre
 12508 | Lair:1   | XOM: swap monsters
 12525 | Lair:1   | XOM: confusion (+ monsters)
 12611 | Lair:1   | XOM is BORED!
 12611 | Lair:1   | XOM: mild Tloc miscast
 12713 | Lair:1   | XOM: noise
 12755 | Lair:1   | XOM: harmless Ice miscast
 12765 | Lair:1   | XOM: divination: detect items
 12776 | Lair:1   | Reached skill level 10 in Unarmed Combat
 12805 | Lair:2   | Found a hole to the Spider Nest.
 12902 | Lair:1   | XOM: confusion (+ monsters)
 12978 | Lair:2   | XOM: 2-stop teleportation journey
 13214 | Lair:2   | XOM: medium Conj miscast
 13445 | Lair:2   | Noticed a fire dragon
 13538 | Lair:1   | XOM: mild Air miscast
 13794 | Lair:2   | XOM: summons friendly ufetubus
 13947 | Lair:2   | Reached skill level 11 in Unarmed Combat
 14081 | Lair:2   | XOM: enchant monster (good)
 14087 | Lair:2   | XOM: chaos cloud
 14091 | Lair:2   | XOM: confusion (+ monsters)
 14095 | Lair:2   | Slain by a meliai (shapeshifter)

Vault maps used:
D:1:      sevenhm_arrival_forest_fort_small_5, serial_forest,
          infiniplex_forest_clump_diagonal, infiniplex_forest_straight_4,
          infiniplex_forest_straight_3, infiniplex_forest_corner_1,
          infiniplex_forest_end_double, infiniplex_forest_lined_room_2,
          infiniplex_forest_lined_corner, minmay_misc_feat_plants
D:2:      minmay_misc_feat_encased
D:3:      minmay_randomly_rotated_circles
D:4:      nicolae_qazlal_eye_of_the_storm
D:5:      first_ration, uniq_sigmund, uniq_edmund, uniq_duvessa
D:6:      nicolae_overflow_hidden_temple
D:7:      minmay_temple_entry_butterflies, basic_altar
D:8:      chequers_temple_overflow_statue_of_worship, lair_entry_dummy,
          serial_shops, nicolae_shop_stone, blue_anna_alchemist, uniq_erica
D:9:      ebering_ghost_xom, elyvilon_altar_5
D:10:     nicolae_good_shop
Temple:   dpeg_five_rooms_temple
Lair:1:   minivault_27, serial_bayou_pond_e, grunt_megastairs_4
Lair:2:   dragon1_lemuel, spider_nest_entry_rubble, uniq_urug

Skill      XL: |  1  2  3  4  5  6  7  8  9 10 11 |
---------------+----------------------------------+-----
Unarmed Combat | 4 5 6 7 8 9 11 | 11.0
Fighting       | 5 9 10 | 10.3
Armour         | 7 |  7.0
Dodging        | 6 |  6.2
Shields        | 4 7 |  7.3

Action                   |  1- 3 |  4- 6 |  7- 9 | 10-12 || total
-------------------------+-------+-------+-------+-------++-------
Melee: Unarmed           |   127 |   222 |   350 |   550 ||  1249
       Punch             |       |     4 |    12 |    16 ||    32
Throw: Throwing net      |       |       |     1 |       ||     1
       Tomahawk          |       |       |       |     2 ||     2
Evoke: Wand              |       |       |    16 |    20 ||    36
  Use: Scroll            |     7 |     4 |     9 |    11 ||    31
       Potion            |     2 |     4 |       |     9 ||    15
 Stab: Paralysed         |       |       |     2 |       ||     2
       Sleeping          |       |       |     1 |     1 ||     2
       Confused          |       |       |       |     2 ||     2
  Eat: Chunk             |     4 |    12 |    28 |    62 ||   106
       Ration            |       |       |     3 |     6 ||     9
Armor: Leather armour    |    37 |    86 |   157 |   197 ||   477
Dodge: Dodged            |    89 |   139 |   190 |   391 ||   809

Table legend:
 A = Spawn XP
 B = Non-spawn XP
 C = Spawn XP percentage of total XP
 D = Spawn monster count
 E = Non-spawn monster count
 F = Spawn count percentage of total count
 G = Total turns spent on level
                    A         B        C        D         E        F      G
               +---------+---------+-------+---------+---------+-------+---------
         Total |       0 |   16283 |   0.0 |       0 |     244 |   0.0 | 14095
               +---------+---------+-------+---------+---------+-------+---------
           D:1 |       0 |      45 |   0.0 |       0 |      24 |   0.0 |  1141
           D:2 |       0 |      55 |   0.0 |       0 |      17 |   0.0 |   625
           D:3 |       0 |     152 |   0.0 |       0 |      32 |   0.0 |   678
           D:4 |       0 |     566 |   0.0 |       0 |      26 |   0.0 |  1028
           D:5 |       0 |    1880 |   0.0 |       0 |      27 |   0.0 |  1910
           D:6 |       0 |     670 |   0.0 |       0 |      19 |   0.0 |  1037
           D:7 |       0 |     552 |   0.0 |       0 |      15 |   0.0 |   571
           D:8 |       0 |    2738 |   0.0 |       0 |      25 |   0.0 |  2458
           D:9 |       0 |    1296 |   0.0 |       0 |      11 |   0.0 |   791
          D:10 |       0 |     477 |   0.0 |       0 |       9 |   0.0 |   133
        Lair:1 |       0 |    6270 |   0.0 |       0 |      31 |   0.0 |  2618
        Lair:2 |       0 |    1582 |   0.0 |       0 |       8 |   0.0 |   867
               +---------+---------+-------+---------+---------+-------+---------
